 Dungeon Crawl Stone Soup version 0.21-a0-630-g344d351 (webtiles) character file.

3012 Megalobster the Grappler (level 9, -12/133 HPs)
             Began as a Troll Monk on Dec 25, 2017.
             Was an Elder of Trog.
             Mangled by a two-headed ogre
             ... wielding a +0 giant club
              (25 damage)
             ... on level 9 of the Dungeon.
             The game lasted 00:12:51 (6592 turns).

Megalobster the Grappler (Troll Monk)               Turns: 6592, Time: 00:12:52

Health: -12/133    AC:  5    Str: 29    XL:     9   Next: 55%
Magic:  8/8        EV: 13    Int:  6    God:    Trog [****..]
Gold:   399        SH:  0    Dex: 12    Spells: 8/8 levels left

rFire    + . .     SeeInvis .     - Unarmed
rCold    . . .     Gourm    +   (no shield)
rNeg     . . .     Faith    .   p - +0 robe {rF+}
rPois    .         Spirit   .   (helmet restricted)
rElec    .         Reflect  .   (no cloak)
rCorr    .         Harm     .   (gloves unavailable)
MR       ++...                  (boots unavailable)
Stlth    ..........             (no amulet)
HPRegen  1.72/turn              o - ring of loudness (curse)
MPRegen  0.11/turn              A - +1 ring of evasion

@: berserking, regenerating, very quick
A: large, unfitting armour, claws 3, fast metabolism 3, gourmand, regeneration
1, shaggy fur 1, tough skin 2
a: Berserk, Trog's Hand, Brothers in Arms, Burn Spellbooks, Renounce Religion


You were on level 9 of the Dungeon.
You worshipped Trog.
Trog was greatly pleased with you.
You were full.

You visited 2 branches of the dungeon, and saw 10 of its levels.

You collected 399 gold pieces.

Inventory:

Hand Weapons
 y - a +0 vampiric trident
Missiles
 h - 298 stones (quivered)
Armour
 a - a +0 robe
 p - a +0 robe of fire resistance (worn)
Jewellery
 o - a cursed ring of loudness (left claw)
 A - a +1 ring of evasion (right claw)
Wands
 u - a wand of flame (19)
 C - a wand of iceblast (8)
 D - a wand of disintegration (17)
 E - a wand of scattershot (6)
Scrolls
 d - 2 scrolls of enchant armour {unknown}
 e - 5 scrolls of teleportation {unknown}
 f - 14 scrolls of identify {unknown}
 g - 2 scrolls of fear {unknown}
 j - a scroll of enchant weapon {unknown}
 k - 7 scrolls of remove curse {unknown}
 m - 3 scrolls of fog {unknown}
 n - 2 scrolls of blinking {unknown}
 r - a scroll of magic mapping {unknown}
Potions
 c - 4 potions of heal wounds {unknown}
 i - a potion of ambrosia {unknown}
 l - a potion of resistance {unknown}
 q - 2 potions of berserk rage {unknown}
 s - 2 potions of degeneration {unknown}
 t - a potion of mutation {unknown}
 v - 4 potions of haste {unknown}
 z - a potion of might {unknown}
Books
 w - a Young Poisoner's Handbook

   Spells                             Type                      Level
   a - Sting                          Conjuration/Poison           1
   b - Poisonous Vapours              Poison/Air                   2
   c - Mephitic Cloud                 Conjuration/Poison/Air       3
   d - Olgreb's Toxic Radiance        Poison                       4
   e - Venom Bolt                     Conjuration/Poison           5
   Trog disapproves of the use of such an item.
 x - a book of Changes

   Spells                             Type                      Level
   a - Beastly Appendage              Transmutation                1
   b - Sticks to Snakes               Transmutation                2
   c - Spider Form                    Transmutation/Poison         3
   d - Ice Form                       Ice/Transmutation            4
   e - Blade Hands                    Transmutation                5
   Trog disapproves of the use of such an item.
Comestibles
 b - 19 rations


   Skills:
 + Level 5.9 Fighting
 * Level 2.7 Throwing
 + Level 5.9 Dodging
 - Level 1.0 Stealth
 * Level 9.7 Unarmed Combat


You had 8 spell levels left.
You didn't know any spells.

Dungeon Overview and Level Annotations

Branches:
Dungeon (9/15)             Temple (1/1) D:7
   Lair: D:8-11         Orc: D:9-12

Altars:
Ashenzari
Cheibriados
Dithmenos
Elyvilon
Fedhas
Gozag
Hepliaklqana
Kikubaaqudgha
Makhleb
Nemelex Xobeh
Okawaru
Qazlal
Ru
Sif Muna
Trog
Uskayaw
Vehumet
Wu Jian
Xom
Yredelemnul
Zin
The Shining One

Shops:
D:7 **   D:8 *


Innate Abilities, Weirdness & Mutations

You are too large for most types of armour.
You have claws for hands.
Your metabolism is lightning-fast.
You like to eat raw meat.
Your natural rate of healing is unusually fast.
You are covered in fur. (AC +1)
You have very tough skin. (AC +2)


Message History

You feel yourself moving faster!
You feel mighty!
The two-headed ogre hits you with a giant club!!
* * * LOW HITPOINT WARNING * * *
The two-headed ogre completely misses you.
A kobold comes into view.
You are too injured to fight recklessly!
You scratch the two-headed ogre.
The two-headed ogre is severely wounded.
The two-headed ogre hits you with a giant club!
* * * LOW HITPOINT WARNING * * *
The two-headed ogre misses you.
You scratch the two-headed ogre.
The two-headed ogre is severely wounded.
The kobold throws a stone.
The stone hits you but does no damage.
You claw the two-headed ogre!
The two-headed ogre is almost dead.
You barely miss the two-headed ogre.
The two-headed ogre is almost dead.
The two-headed ogre hits you with a giant club!!
You die...

...# ...#
#... +..#
#..# #..#
#.O##+####
#@.......
#<.......
#........
#....####
#....#
.....#
....##
.KK.#
###..#


You could see a two-headed ogre and 2 kobolds.

Vanquished Creatures
  The ghost of kal9871 the Insei, a novice OpTm of Nemelex Xobeh (D:8)
  Sigmund (D:3)
  Edmund (D:4)
  3 ice beasts
  3 sky beasts
  4 ogres
  2 orc warriors (D:8)
  A phantom (D:4)
  A centaur (D:6)
  A crocodile (D:8)
  A big kobold (D:7)
  A bullfrog (D:7)
  A scorpion (D:5)
  A howler monkey (D:7)
  3 hounds
  A jelly (D:7)
  2 orc wizards (D:8)
  2 orc priests (D:8)
  A centaur skeleton (D:5)
  2 iguanas
  4 worker ants
  A hound skeleton (D:6)
  Robin (D:3)
  11 adders
  3 gnolls (D:4)
  2 shadow imps (D:7)
  An ooze (D:2)
  3 worms
  2 dart slugs
  5 leopard geckos
  18 orcs
  8 giant cockroaches
  14 goblins
  14 hobgoblins
  6 jackals
  10 kobolds
  5 quokkas
  A ball python (D:1)
  4 bats
  A frilled lizard (D:2)
  A jackal skeleton (D:4)
  2 leopard gecko skeletons
  10 rats
160 creatures vanquished.

Notes
Turn   | Place    | Note
-------+----------+-------------------------------------------
     0 | D:1      | Megalobster the Troll Monk began the quest for the Orb.
     0 | D:1      | Reached XP level 1. HP: 22/22 MP: 0/0
   125 | D:1      | Reached XP level 2. HP: 24/29 MP: 1/1
   363 | D:1      | Reached XP level 3. HP: 33/36 MP: 2/2
   906 | D:2      | Reached skill level 4 in Unarmed Combat
   936 | D:2      | Found a bloodstained altar of Trog.
   975 | D:2      | Became a worshipper of Trog the Wrathful
   975 | D:2      | Reached * piety under Trog
   975 | D:2      | Reached ** piety under Trog
  1092 | D:2      | Reached XP level 4. HP: 44/44 MP: 3/3
  1738 | D:3      | Found a faded altar of an unknown god.
  1828 | D:3      | Noticed an ice beast
  1840 | D:3      | Killed an ice beast
  1840 | D:3      | Reached skill level 5 in Unarmed Combat
  1840 | D:3      | Reached XP level 5. HP: 43/53 MP: 4/4
  1982 | D:3      | Noticed Robin
  1990 | D:3      | Noticed Sigmund
  1995 | D:3      | Killed Robin
  2008 | D:3      | Killed Sigmund
  2008 | D:3      | Reached XP level 6. HP: 9/62 MP: 5/5
  2141 | D:3      | Reached *** piety under Trog
  2546 | D:4      | Reached skill level 6 in Unarmed Combat
  2558 | D:4      | Reached XP level 7. HP: 60/68 MP: 6/6
  2574 | D:4      | Noticed Edmund
  2584 | D:4      | Killed Edmund
  2898 | D:4      | HP: 3/70 [ogre/giant club (23)]
  2899 | D:4      | Reached skill level 7 in Unarmed Combat
  3228 | D:5      | Entered Level 5 of the Dungeon
  3245 | D:5      | Found a white marble altar of Elyvilon.
  3351 | D:5      | Reached XP level 8. HP: 74/79 MP: 7/7
  4016 | D:6      | Found a shattered altar of Ashenzari.
  4211 | D:6      | Reached skill level 8 in Unarmed Combat
  4604 | D:7      | Reached skill level 5 in Fighting
  4618 | D:7      | Reached skill level 5 in Dodging
  4628 | D:7      | Found Gozag's Platinum Reserve.
  4628 | D:7      | Found an opulent altar of Gozag.
  4911 | D:7      | Found a staircase to the Ecumenical Temple.
  4920 | Temple   | Entered the Ecumenical Temple
  5391 | D:7      | Found Qubb's Assorted Antiques.
  5626 | D:7      | Reached **** piety under Trog
  5626 | D:7      | Reached XP level 9. HP: 85/88 MP: 8/8
  5697 | D:8      | Found Baukkid's Assorted Antiques.
  5697 | D:8      | Found a snail-covered altar of Cheibriados.
  5715 | D:8      | Reached skill level 9 in Unarmed Combat
  6061 | D:8      | Reached skill level 1 in Throwing
  6134 | D:8      | Noticed kal9871's ghost (novice OpTm)
  6149 | D:8      | Killed kal9871's ghost
  6582 | D:9      | Noticed a two-headed ogre
  6592 | D:9      | Mangled by a two-headed ogre

Vault maps used:
D:1:      lightli_arrival_flooded_house
D:2:      bloody_trog, minmay_heptomino_h4
D:3:      first_ration, chequers_ecumenical_altar_lobes, minmay_divided_ellipse,
          uniq_robin, uniq_sigmund
D:4:      kennysheep_generic_room_11, uniq_edmund
D:5:      elyvilon_altar_5
D:6:      cheibrodos_ashenzari_chains
D:7:      nicolae_gozag_zags_fifth_avenue, minmay_temple_entry_poolview,
          serial_shops, shop
D:8:      basic_altar, serial_shops, shop
Temple:   eino_narrow_crystal_temple

Skill      XL: |  1  2  3  4  5  6  7  8  9 |
---------------+----------------------------+-----
Unarmed Combat | 4 5 6 7 8 9 |  9.7
Dodging        | 3 4 5 |  5.9
Fighting       | 3 4 5 |  5.9
Throwing       | 2 |  2.7
Stealth        | |  1.0

Action                   |  1- 3 |  4- 6 |  7- 9 || total
-------------------------+-------+-------+-------++-------
Melee: Unarmed           |   103 |   143 |   248 ||   494
       Punch             |     1 |     1 |     8 ||    10
Invok: Trog's Hand       |       |       |     2 ||     2
       Berserk           |       |       |     1 ||     1
 Stab: Sleeping          |     2 |     2 |       ||     4
  Eat: Chunk             |    15 |    14 |    35 ||    64
Armor: Robe              |    35 |    40 |    47 ||   122
Dodge: Dodged            |    59 |    69 |   104 ||   232

Table legend:
 A = Spawn XP
 B = Non-spawn XP
 C = Spawn XP percentage of total XP
 D = Spawn monster count
 E = Non-spawn monster count
 F = Spawn count percentage of total count
 G = Total turns spent on level
                    A         B        C        D         E        F      G
               +---------+---------+-------+---------+---------+-------+---------
         Total |       0 |    4303 |   0.0 |       0 |     160 |   0.0 |  6592
               +---------+---------+-------+---------+---------+-------+---------
           D:1 |       0 |      52 |   0.0 |       0 |      28 |   0.0 |   652
           D:2 |       0 |      53 |   0.0 |       0 |      13 |   0.0 |   840
           D:3 |       0 |     501 |   0.0 |       0 |      47 |   0.0 |   953
           D:4 |       0 |     671 |   0.0 |       0 |      23 |   0.0 |   783
           D:5 |       0 |     282 |   0.0 |       0 |       7 |   0.0 |   563
           D:6 |       0 |     432 |   0.0 |       0 |       7 |   0.0 |   703
           D:7 |       0 |     846 |   0.0 |       0 |      17 |   0.0 |   993
           D:8 |       0 |    1466 |   0.0 |       0 |      18 |   0.0 |   885
               +---------+---------+-------+---------+---------+-------+---------
